[Event "Titled Tuesday Blitz December 20 Early 2022"]
[White "Yildiz, Ayse Emek"]
[Black "dropstoneDP"]
[WhiteFideId "6303528"]
[WhiteElo "1702"]
[BlackElo "3038"]
[Result "0-1"]
[Round "11"]
[TimeControl "180+2"]
[Date "2022.12.20"]
[WhiteClock "0:00:04"]
[BlackClock "0:00:15"]

1. e4 e5 2. Nf3 Nf6 3. Nc3 Nc6 4. a4 d5 5. exd5 Nxd5 6. Bb5 Nxc3 7. bxc3 Bd6 8. O-O O-O 9. d4 exd4 10. cxd4 Bg4 11. c3 Re8 12. a5 a6 13. Bd3 h6 14. h3 Bh5 15. Be3 Qf6 16. Bc2 Ne7 17. c4 Rad8 18. Qd3 Bxf3 19. gxf3 Ng6 20. Qf5 Qxf5 21. Bxf5 Nh4 22. Be4 c6 23. Rfb1 f5 24. c5 Bb8 25. Rxb7 fxe4 26. fxe4 Rxe4 27. Rab1 Bf4 28. Bxf4 Rxf4 29. Rb8 Rxb8 30. Rxb8+ Kf7 31. Rb6 Nf3+ 32. Kg2 Nxd4 33. Rxa6 Rf5 34. Ra7+ Kf6 35. Rd7 Ne6 36. a6 Rxc5 37. a7 Ra5 38. Kf3 Ra3+ 39. Ke2 c5 40. Kd2 Nd4 41. Rb7 g5 42. Kc1 Ke5 43. Kb2 Ra6 44. Re7+ Kd5 45. Rh7 Kc4 46. Rxh6 Rxa7 47. Rg6 Rb7+ 48. Kc1 Kd3 0-1


[Site "https://www.chess.com"]

[Event "Titled Tuesday Blitz December 20 Early 2022"]
[White "Zahid, Sanatan"]
[Black "AsaHoffmann"]
[WhiteFideId "10201963"]
[WhiteElo "1930"]
[BlackElo "2376"]
[Result "1-0"]
[Round "11"]
[TimeControl "180+2"]
[Date "2022.12.20"]
[WhiteClock "0:02:41"]
[BlackClock "0:02:01"]

1. d4 Nf6 2. Nc3 d6 3. e4 c6 4. f4 Qa5 5. Bd3 e5 6. Nf3 exd4 7. Nxd4 Qb6 8. Be3 Ng4 9. Bg1 Qc7 10. Qf3 Na6 11. O-O-O Nc5 12. Be2 a5 13. Qg3 Nf6 14. e5 dxe5 15. fxe5 Nfd7 16. e6 Nxe6 17. Nxe6 Qxg3 18. hxg3 fxe6 19. Bc4 Nb6 20. Bxb6 1-0


[Site "https://www.chess.com"]

[Event "Titled Tuesday Blitz December 20 Early 2022"]
[White "Zhigalko_Sergei"]
[Black "Begmuratov, Khumoyun"]
[BlackFideId "14210207"]
[WhiteElo "2876"]
[BlackElo "2387"]
[Result "0-1"]
[Round "11"]
[TimeControl "180+2"]
[Date "2022.12.20"]
[WhiteClock "0:00:02"]
[BlackClock "0:00:08"]

1. e4 e5 2. Nf3 Nc6 3. Bb5 Nf6 4. O-O Nxe4 5. d4 Nd6 6. Bxc6 dxc6 7. dxe5 Nf5 8. Qxd8+ Kxd8 9. Nc3 Be7 10. Bg5 h6 11. Rad1+ Ke8 12. Bxe7 Nxe7 13. Rfe1 Be6 14. Nd4 Nd5 15. Ne4 Ke7 16. c4 Nb6 17. Nxe6 fxe6 18. Nc5 Rab8 19. b3 Rhf8 20. g3 g5 21. Rd4 Rf5 22. Re2 a5 23. Kg2 h5 24. h3 Rf7 25. Red2 Rf5 26. Re2 Rf7 27. a4 Rf5 28. b4 Ra8 29. b5 cxb5 30. axb5 a4 31. Nxb7 a3 32. Ra2 Ra4 33. Nd8 Nxc4 34. Nc6+ Kf7 35. Rxa3 Rxa3 36. Rxc4 Ra2 37. Nd8+ Ke8 38. Nxe6 Raxf2+ 39. Kg1 Rf1+ 40. Kg2 R5f2# 0-1


[Site "https://www.chess.com"]

[Event "Titled Tuesday Blitz December 20 Early 2022"]
[White "alexrustemov"]
[Black "GoltsevDmitry2000"]
[WhiteElo "2891"]
[BlackElo "2739"]
[Result "1-0"]
[Round "11"]
[TimeControl "180+2"]
[Date "2022.12.20"]
[WhiteClock "0:01:37"]
[BlackClock "0:02:06"]

1. d4 Nf6 2. c4 e6 3. Nf3 d5 4. Nc3 dxc4 5. e4 Nbd7 6. Bxc4 Nb6 7. Bd3 Be7 8. Qe2 c5 9. dxc5 Bxc5 10. Bg5 h6 11. Bh4 g5 12. Bg3 O-O 13. h4 g4 14. Ne5 h5 15. f3 Nbd7 16. O-O-O Qa5 17. Nc4 Qa6 18. e5 Nd5 19. Qe4 f5 20. exf6 N7xf6 21. Qg6+ Kh8 22. Be5 1-0


[Site "https://www.chess.com"]

[Event "Titled Tuesday Blitz December 20 Early 2022"]
[White "bazar-wokzal"]
[Black "TokChess"]
[WhiteElo "2582"]
[BlackElo "2504"]
[Result "1-0"]
[Round "11"]
[TimeControl "180+2"]
[Date "2022.12.20"]
[WhiteClock "0:00:09"]
[BlackClock "0:00:04"]

1. e4 c6 2. d4 d5 3. e5 c5 4. dxc5 e6 5. Nf3 Nd7 6. a3 Bxc5 7. Bd3 Ne7 8. O-O Ng6 9. Qe2 a6 10. b4 Ba7 11. c4 dxc4 12. Bxc4 b5 13. Bb3 Bb7 14. Nbd2 Nf4 15. Qd1 Nd3 16. Qc2 N3xe5 17. Nxe5 Nxe5 18. Bb2 Qg5 19. Ne4 Nf3+ 20. Kh1 Qh5 21. h3 O-O 22. Qc3 Bd4 23. Qxf3 Qxf3 24. gxf3 Bxb2 25. Rab1 Bxa3 26. Bc2 a5 27. bxa5 Rxa5 28. Kg2 Be7 29. Rfd1 Bd5 30. Nc3 Bc4 31. Rd7 Bf6 32. Ne4 Be5 33. Ng5 g6 34. h4 h6 35. Ne4 Kg7 36. Nc5 Ra2 37. Bb3 Bxb3 38. Rxb3 Re8 39. Rxb5 Rc2 40. Nd3 Bd4 41. Rbb7 Rf8 42. h5 gxh5 43. Nf4 Kf6 44. Nxh5+ Kg5 45. Ng3 Rxf2+ 46. Kh3 Be5 47. Ne4+ Kf4 48. Nxf2 Kxf3 49. Ng4 1-0


[Site "https://www.chess.com"]

[Event "Titled Tuesday Blitz December 20 Early 2022"]
[White "bennyficial"]
[Black "deibittowers"]
[WhiteElo "2145"]
[BlackElo "2072"]
[Result "1/2-1/2"]
[Round "11"]
[TimeControl "180+2"]
[Date "2022.12.20"]
[WhiteClock "0:00:19"]
[BlackClock "0:00:05"]

1. Nf3 d5 2. e3 Nf6 3. c4 c6 4. Nc3 e6 5. b3 Be7 6. Bb2 O-O 7. Qc2 Nbd7 8. Rg1 a5 9. g4 a4 10. Nxa4 dxc4 11. g5 Ne8 12. h4 cxb3 13. axb3 e5 14. Nxe5 Nxe5 15. Bxe5 b5 16. Nc5 Rxa1+ 17. Bxa1 Bxc5 18. Qxc5 Be6 19. Qc3 Qd5 20. Bg2 Qxb3 21. Qxb3 Bxb3 22. Bxc6 Bc4 23. Bc3 Nc7 24. Rg4 Rd8 25. Ba5 Rc8 26. d3 Be6 27. Rb4 Na6 28. Bb7 Nxb4 29. Bxc8 Nxd3+ 30. Kd2 Bxc8 31. Kxd3 Kf8 32. Kd4 Bd7 33. Kc5 Ke7 34. Bc3 g6 35. Bf6+ Ke6 36. e4 Be8 37. f4 Bd7 38. Be5 Be8 39. Bf6 Bd7 40. Be5 Be8 41. Bf6 1/2-1/2


[Site "https://www.chess.com"]

[Event "Titled Tuesday Blitz December 20 Early 2022"]
[White "emeli_chess"]
[Black "Linhart, Wolfgang"]
[BlackFideId "4636244"]
[WhiteElo "2405"]
[BlackElo "2114"]
[Result "1/2-1/2"]
[Round "11"]
[TimeControl "180+2"]
[Date "2022.12.20"]
[WhiteClock "0:00:30"]
[BlackClock "0:00:19"]

1. d4 Nf6 2. c4 g6 3. Nc3 d5 4. cxd5 Nxd5 5. e4 Nxc3 6. bxc3 Bg7 7. Bc4 O-O 8. Ne2 c5 9. Be3 cxd4 10. cxd4 Nc6 11. h4 h5 12. O-O b6 13. Qd2 Bb7 14. Rfd1 Na5 15. Bd3 Kh7 16. Rac1 Rc8 17. d5 e6 18. dxe6 fxe6 19. Rxc8 Qxc8 20. Bd4 Qd7 21. Bxg7 Qxg7 22. Qc3 Qxc3 23. Nxc3 Rd8 24. Bc2 Rxd1+ 25. Bxd1 Nc4 26. Bb3 Nd2 27. e5 Nxb3 28. axb3 a5 29. Na4 b5 30. Nc5 Bd5 31. f3 Kg7 32. Kf2 Kf7 33. Ke3 Ke7 34. g4 Kd8 35. gxh5 gxh5 36. f4 Kc7 37. Kd4 Kc6 38. f5 exf5 39. e6 a4 40. bxa4 bxa4 41. e7 Bf7 42. Nxa4 Kd7 43. Ke5 Kxe7 44. Kxf5 Bc4 45. Kg5 Be2 46. Nc3 Bf3 47. Nb1 Kf7 48. Nd2 Be2 49. Ne4 Kg7 50. Ng3 Bg4 51. Nxh5+ Bxh5 52. Kxh5 Kh7 53. Kg5 Kg7 54. h5 Kh7 55. h6 Kg8 56. h7+ Kh8 57. Kh6 1/2-1/2


[Site "https://www.chess.com"]

[Event "Titled Tuesday Blitz December 20 Early 2022"]
[White "exoticprincess"]
[Black "wonderfultime"]
[WhiteElo "3057"]
[BlackElo "3066"]
[Result "0-1"]
[Round "11"]
[TimeControl "180+2"]
[Date "2022.12.20"]
[WhiteClock "0:00:01"]
[BlackClock "0:00:09"]

1. b3 d5 2. Bb2 Nf6 3. d3 Bf5 4. Nd2 e6 5. g3 h6 6. Bg2 Be7 7. e4 Bh7 8. Ne2 O-O 9. O-O c5 10. exd5 Nxd5 11. c4 Nb4 12. Bxb7 N8c6 13. a3 Nxd3 14. Bxg7 Kxg7 15. Bxc6 Bf6 16. Bxa8 Qxa8 17. Ra2 Rd8 18. Nc1 Ne5 19. f4 Nc6 20. Qf3 Qc8 21. Ne2 Rd3 22. Qg4+ Kh8 23. Rf3 Rd7 24. Nf1 Qb7 25. Rf2 Nd4 26. b4 cxb4 27. axb4 Qxb4 28. Qh5 Kg7 29. Qg4+ Bg6 30. f5 exf5 31. Qf4 Qxc4 32. Rd2 Nxe2+ 33. Rfxe2 Qc5+ 34. Kg2 Rxd2 35. Rxd2 a5 36. Qf2 Qc6+ 37. Qf3 Qc4 38. Ne3 Qb4 39. Rf2 f4 40. Qxf4 Qxf4 41. gxf4 Be4+ 0-1


[Site "https://www.chess.com"]

[Event "Titled Tuesday Blitz December 20 Early 2022"]
[White "guillembaches"]
[Black "Rostolis, Riccardo"]
[BlackFideId "819948"]
[WhiteElo "2464"]
[BlackElo "1968"]
[Result "1-0"]
[Round "11"]
[TimeControl "180+2"]
[Date "2022.12.20"]
[WhiteClock "0:00:26"]
[BlackClock "0:00:06"]

1. e4 Nf6 2. e5 Nd5 3. c4 Nb6 4. d4 d6 5. exd6 cxd6 6. Nc3 g6 7. Bd3 Bg7 8. Nge2 O-O 9. O-O Nc6 10. d5 Ne5 11. b3 e6 12. dxe6 Bxe6 13. Be3 Rc8 14. Be4 Qe7 15. Bxb6 axb6 16. Qd2 Rfd8 17. Rad1 Qh4 18. f4 Nc6 19. g3 Qh5 20. Bf3 Qc5+ 21. Kg2 Qa5 22. Nd5 Bxd5 23. Bxd5 Qa3 24. f5 Rc7 25. fxg6 hxg6 26. Nf4 Nb4 27. Nxg6 Nxd5 28. Qxd5 Qxa2+ 29. Rd2 Qxb3 30. Rf4 Re8 31. Rdf2 b5 32. Rxf7 1-0


[Site "https://www.chess.com"]

[Event "Titled Tuesday Blitz December 20 Early 2022"]
[White "kritipatel"]
[Black "Artels, Lieven"]
[BlackFideId "205834"]
[WhiteElo "2085"]
[BlackElo "1984"]
[Result "1-0"]
[Round "11"]
[TimeControl "180+2"]
[Date "2022.12.20"]
[WhiteClock "0:01:56"]
[BlackClock "0:01:32"]

1. e4 e6 2. d4 d5 3. Nc3 Bb4 4. exd5 Bxc3+ 5. bxc3 exd5 6. Bd3 Ne7 7. Nf3 Nbc6 8. O-O Bg4 9. Qe2 Qd7 10. Bg5 f6 11. Bf4 O-O 12. h3 Bxh3 13. gxh3 Qxh3 14. Bg3 Rae8 15. Nh2 Nf5 16. Qg4 Qxg4 17. Nxg4 Nxg3 18. fxg3 Re7 19. Kg2 Rfe8 20. Rh1 Kf7 21. Rxh7 Nd8 22. Rf1 Ne6 23. Rxf6+ Kg8 24. Rf1 Ng5 25. Rh5 Nf7 26. Bh7+ Kf8 27. Bg6 Re2+ 28. Kh3 R2e7 29. Rh8# 1-0


[Site "https://www.chess.com"]

[Event "Titled Tuesday Blitz December 20 Early 2022"]
[White "lemayvega"]
[Black "InitiatingASC"]
[WhiteElo "2529"]
[BlackElo "2412"]
[Result "0-1"]
[Round "11"]
[TimeControl "180+2"]
[Date "2022.12.20"]
[WhiteClock "0:00:03"]
[BlackClock "0:00:04"]

1. e4 c5 2. Nf3 Nc6 3. Bb5 Nf6 4. e5 Nd5 5. O-O g6 6. Nc3 Nc7 7. Bxc6 dxc6 8. Re1 Bg7 9. Ne4 b6 10. h3 Ne6 11. a4 O-O 12. a5 Bd7 13. d3 Qc7 14. Neg5 Rfd8 15. Qe2 h6 16. Ne4 Nd4 17. Nxd4 cxd4 18. f4 c5 19. b3 Bc6 20. Bd2 f5 21. exf6 exf6 22. f5 g5 23. Nf2 Re8 24. Qg4 Rad8 25. axb6 axb6 26. Rxe8+ Rxe8 27. Re1 Rxe1+ 28. Bxe1 Qe5 29. Ne4 Bxe4 30. dxe4 h5 31. Qf3 h4 32. Kf1 Bf8 33. Ke2 Bd6 34. Qd3 Qh2 35. Qf3 Bf4 36. Bf2 Be5 37. Kd3 Qh1 38. Kc4 Qf1+ 39. Kd5 Qa6 40. Qh5 Qb7+ 41. Kc4 Qa6+ 42. Kd5 Qb7+ 43. Kc4 Qxe4 44. Qg6+ Kf8 45. Qh6+ Kg8 46. Qg6+ Kf8 47. Qh6+ Ke8 48. Qh8+ Kd7 49. Kb5 Qc6+ 50. Kc4 b5+ 51. Kd3 c4+ 52. Ke2 Qe4+ 53. Kf1 Qxc2 54. Qg7+ Kc6 55. Qe7 Qd1+ 56. Be1 Qxb3 57. Qe6+ Kb7 58. Qd7+ Kb6 59. Qe6+ Kc7 60. Qe7+ Kc6 61. Qxe5 fxe5 62. f6 Qd3+ 63. Kg1 Qf5 0-1


[Site "https://www.chess.com"]

[Event "Titled Tuesday Blitz December 20 Early 2022"]
[White "politeplayer"]
[Black "Nenezic, Marko"]
[BlackFideId "912123"]
[WhiteElo "2244"]
[BlackElo "2514"]
[Result "1-0"]
[Round "11"]
[TimeControl "180+2"]
[Date "2022.12.20"]
[WhiteClock "0:00:31"]
[BlackClock "0:00:04"]

1. e4 e6 2. c4 d5 3. cxd5 exd5 4. Qb3 Be7 5. exd5 Nf6 6. Nc3 O-O 7. Nf3 b6 8. d4 Bb7 9. Bc4 a6 10. a4 b5 11. axb5 axb5 12. Rxa8 Bxa8 13. Qxb5 Nbd7 14. Ne5 Nb6 15. Nc6 Bxc6 16. Qxc6 Nxc4 17. Qxc4 Qd7 18. Bf4 Bd6 19. Bxd6 Qxd6 20. O-O Ng4 21. g3 Qh6 22. h4 g5 23. Qc6 Qh5 24. Ne4 gxh4 25. Qd7 f5 26. Qe6+ Kg7 27. Qe7+ Rf7 28. Qg5+ Qxg5 29. Nxg5 Rd7 30. Ne6+ Kf6 31. Nf4 hxg3 32. fxg3 Ne3 33. Re1 Nxd5 34. Re6+ Kf7 35. Rh6 Nxf4 36. Rxh7+ Ke6 37. Rxd7 Ne2+ 38. Kf2 Kxd7 39. Kxe2 Ke6 40. Ke3 Kd5 41. Kf4 Ke6 42. d5+ Kf6 43. b4 Kg6 44. d6 cxd6 45. b5 Kf6 46. b6 Ke6 47. b7 Kd7 48. b8=Q Ke6 49. Qc8+ Kf6 50. Qxf5+ Ke7 51. g4 d5 52. g5 Kd6 53. g6 d4 54. g7 d3 55. g8=Q d2 56. Qfd5+ Ke7 57. Qg7+ Ke8 58. Qdd7# 1-0


[Site "https://www.chess.com"]

[Event "Titled Tuesday Blitz December 20 Early 2022"]
[White "profofchess"]
[Black "Benamar, Benious"]
[BlackFideId "45118841"]
[WhiteElo "2442"]
[BlackElo "1136"]
[Result "0-1"]
[Round "11"]
[TimeControl "180+2"]
[Date "2022.12.20"]
[WhiteClock "0:00:05"]
[BlackClock "0:00:19"]

1. e4 e6 2. d4 d6 3. Nc3 c6 4. Nf3 b6 5. Bd3 a6 6. O-O f6 7. e5 dxe5 8. dxe5 f5 9. a4 Ne7 10. a5 b5 11. Be3 Nd7 12. Re1 c5 13. Ng5 Nxe5 14. Bxc5 Nxd3 15. cxd3 Ng6 16. Nxe6 Bxe6 17. Rxe6+ Kf7 18. Bb6 Qd7 19. Re3 Bd6 20. Qb3+ Kf6 21. Nd5+ Kg5 22. d4 h5 23. Rae1 Rhe8 24. h4+ Kh6 25. Qd3 Qf7 26. Nc3 f4 27. Rxe8 Rxe8 28. Rxe8 Qxe8 29. Qd2 Nxh4 30. g3 Nf3+ 31. Kg2 Nxd2 0-1


[Site "https://www.chess.com"]

[Event "Titled Tuesday Blitz December 20 Early 2022"]
[White "queen_iryna"]
[Black "Suduvasachmatai"]
[WhiteElo "2354"]
[BlackElo "2110"]
[Result "1-0"]
[Round "11"]
[TimeControl "180+2"]
[Date "2022.12.20"]
[WhiteClock "0:01:49"]
[BlackClock "0:01:06"]

1. e4 c5 2. Nf3 d6 3. Bb5+ Bd7 4. Bxd7+ Qxd7 5. O-O Nc6 6. c3 Nf6 7. Re1 e6 8. d4 cxd4 9. cxd4 Be7 10. Nc3 O-O 11. d5 Nd8 12. h3 e5 13. Be3 b6 14. Rc1 Nb7 15. b4 Rac8 16. Qd3 Rc7 17. Nb5 Rxc1 18. Rxc1 a6 19. Rc7 Qxb5 20. Qxb5 axb5 21. Rxe7 Nd8 22. Bxb6 Nxe4 23. Rd7 Ne6 24. dxe6 fxe6 25. Rd8 d5 26. Rxf8+ Kxf8 27. Nxe5 d4 28. Bxd4 1-0


[Site "https://www.chess.com"]

[Event "Titled Tuesday Blitz December 20 Early 2022"]
[White "rasmussvane"]
[Black "Oleksandr_Bortnyk"]
[WhiteElo "2949"]
[BlackElo "2984"]
[Result "1-0"]
[Round "11"]
[TimeControl "180+2"]
[Date "2022.12.20"]
[WhiteClock "0:00:07"]
[BlackClock "0:00:09"]

1. Nf3 d6 2. d4 Nf6 3. Nc3 Nbd7 4. e4 e5 5. Bc4 Be7 6. a4 c6 7. O-O h6 8. Re1 Qc7 9. Nh4 g6 10. f4 exf4 11. Bxf4 g5 12. e5 gxf4 13. exd6 Qxd6 14. Nf5 Qb4 15. Rxe7+ Kd8 16. Bb3 a5 17. Rxf7 Kc7 18. Qd2 Nh5 19. Qe2 Nf6 20. d5 Kb6 21. dxc6 bxc6 22. Rd1 Qc5+ 23. Qf2 Qxf2+ 24. Kxf2 Ng4+ 25. Kg1 Nde5 26. Nd6 Nxf7 27. Nxf7 Rf8 28. Rf1 Ne3 29. Rxf4 Ba6 30. Rf6 Rad8 31. h3 Rd2 32. g4 Kc7 33. Rxh6 Bc4 34. Bxc4 Nxc4 35. Rh7 Kb6 36. g5 Ne3 37. h4 Rxc2 38. Ne4 Re8 39. Nfd6 Rf8 40. Nf6 Rxb2 41. Nde4 Rc8 42. Nd7+ Kc7 43. Ndc5+ Kb8 44. Nd7+ Ka8 45. Ndf6 Nf5 46. h5 Rd8 47. Nd7 Rb1+ 48. Kf2 Rb4 49. Kf3 Nd4+ 50. Ke3 Ne6 51. g6 Rb3+ 52. Kf2 Rb2+ 53. Ke3 Rb3+ 54. Kf2 Rb4 55. Nef6 Rxa4 56. Re7 Nf4 57. g7 Ra2+ 58. Kf3 Nxh5 59. Nxh5 Rg8 60. Nhf6 Rxg7 61. Rxg7 Kb7 62. Nc5+ Kb6 63. Nfe4 Kb5 64. Rb7+ Kc4 65. Ke3 a4 66. Nd3 Ra3 67. Nd2+ Kd5 68. Rd7+ Ke6 69. Rd8 c5 70. Nc4 Rc3 71. Ne5 c4 72. Kd4 Rc2 73. Nc5+ Ke7 74. Nc6+ Kf6 75. Rf8+ Kg5 76. Ne5 Rd2+ 77. Kxc4 Rc2+ 78. Kd4 a3 79. Ne4+ Kh6 80. Ra8 a2 81. Nc3 Rd2+ 82. Nd3 Rg2 83. Nxa2 Rg4+ 84. Kc3 Kh7 85. Nab4 Rg8 86. Ra7+ Rg7 87. Ra1 Rc7+ 88. Kd4 Rg7 89. Nd5 Rg4+ 90. Kc5 Rg5 91. Re1 Kh6 92. Ne5 Rf5 93. Kd6 Rf8 94. Ke6 Re8+ 95. Ne7 Kg5 96. Rf1 Kh4 97. Rg1 Kh3 98. Ng6 Kh2 99. Rg5 Ra8 100. Kf5 Ra5+ 101. Ne5 Kh3 102. Ng6 Kh2 103. Nf4 Rb5 104. Rg7 Ra5 105. Ke4 Ra4+ 106. Ke3 Ra3+ 107. Ned3 Rb3 108. Kf3 Ra3 109. Rh7+ Kg1 110. Ne2+ 1-0


[Site "https://www.chess.com"]

[Event "Titled Tuesday Blitz December 20 Early 2022"]
[White "stepanosinovsky"]
[Black "tylityli"]
[WhiteElo "2443"]
[BlackElo "2334"]
[Result "0-1"]
[Round "11"]
[TimeControl "180+2"]
[Date "2022.12.20"]
[WhiteClock "0:00:04"]
[BlackClock "0:00:23"]

1. e4 e5 2. Nf3 Nc6 3. Bb5 a6 4. Ba4 Nf6 5. O-O b5 6. Bb3 Be7 7. d4 Nxe4 8. Nxe5 Nxe5 9. dxe5 Nc5 10. Bxf7+ Kxf7 11. Qd5+ Ke8 12. Qxa8 c6 13. Be3 Qc7 14. a4 Nxa4 15. b3 Nc5 16. Nc3 Qb7 17. Qxb7 Bxb7 18. Bxc5 Bxc5 19. Ne4 Be7 20. Nd6+ Bxd6 21. exd6 Kd8 22. Rfe1 c5 23. Re7 g6 24. Rae1 Bd5 25. R1e5 Bc6 26. Rxc5 a5 27. Rxc6 dxc6 28. Ra7 Re8 29. Kf1 Re6 30. Rxh7 Rxd6 31. Ra7 Rd2 32. c4 a4 33. Ke1 Ra2 34. cxb5 axb3 0-1


[Site "https://www.chess.com"]

[Event "Titled Tuesday Blitz December 20 Early 2022"]
[White "szachuspl"]
[Black "Lion-Al-Messi"]
[WhiteElo "2642"]
[BlackElo "2520"]
[Result "1-0"]
[Round "11"]
[TimeControl "180+2"]
[Date "2022.12.20"]
[WhiteClock "0:00:22"]
[BlackClock "0:00:03"]

1. d4 Nf6 2. c4 g6 3. Nc3 d5 4. Nf3 Bg7 5. g3 O-O 6. Bg2 c6 7. O-O Bf5 8. b3 Nbd7 9. Bb2 Ne4 10. cxd5 Nxc3 11. Bxc3 cxd5 12. Ne5 Nxe5 13. dxe5 Rc8 14. Bd4 Qa5 15. e3 Rc2 16. a3 Rfc8 17. b4 Qb5 18. Re1 Be4 19. Bf1 Qd7 20. Bd3 Bxd3 21. Qxd3 Qf5 22. Qxf5 gxf5 23. Red1 e6 24. b5 a6 25. a4 h5 26. Kf1 Kh7 27. Ke1 Kg6 28. Rd2 h4 29. Rxc2 Rxc2 30. gxh4 Kh5 31. Rb1 Kg4 32. bxa6 bxa6 33. Rb7 Bf8 34. f4 Rxh2 35. Rxf7 Bb4+ 36. Kd1 Kf3 37. Rf6 Ke4 38. Rxe6 Kd3 39. Kc1 Rxh4 40. Rxa6 Bd2+ 41. Kb2 Rh2 42. Kb3 Bxe3 43. Bb2 Bxf4 44. e6 Re2 45. Rc6 Bg5 46. a5 f4 47. a6 Rh2 48. a7 1-0


[Site "https://www.chess.com"]

[Event "Titled Tuesday Blitz December 20 Early 2022"]
[White "temiksmozg"]
[Black "Meri-Arabidze"]
[WhiteElo "2549"]
[BlackElo "2730"]
[Result "1-0"]
[Round "11"]
[TimeControl "180+2"]
[Date "2022.12.20"]
[WhiteClock "0:00:02"]
[BlackClock "0:00:04"]

1. e4 c5 2. Nf3 e6 3. d3 Nc6 4. g3 Nf6 5. Bg2 d5 6. Nbd2 Be7 7. O-O O-O 8. Re1 b5 9. e5 Ne8 10. h4 Nc7 11. Nf1 f5 12. exf6 Bxf6 13. N1h2 e5 14. Bg5 Qd6 15. c4 Bxg5 16. Nxg5 h6 17. cxd5 hxg5 18. dxc6 gxh4 19. gxh4 Bf5 20. Re3 Rad8 21. Rg3 Bxd3 22. Qg4 Rf7 23. Rd1 c4 24. Nf3 Qc5 25. Rd2 Rdf8 26. Kh2 Bf5 27. Qh5 g6 28. Rxg6+ Bxg6 29. Qxg6+ Rg7 30. Qe4 Ne6 31. Qxe5 Qxe5+ 32. Nxe5 Nf4 33. Bd5+ Nxd5 34. Rxd5 Rxf2+ 35. Kh3 Rf1 36. Kh2 Rf2+ 37. Kh3 Rxb2 38. Rd8+ Kh7 39. Nd7 Rb1 40. Nf8+ Kh6 41. Rd6+ Kh5 42. Rd5+ Kh6 43. Rg5 Rh1+ 44. Kg2 Rxh4 45. Rxg7 Kxg7 46. c7 Rg4+ 47. Kf3 Rg1 48. c8=Q Rf1+ 49. Ke2 Rxf8 50. Qb7+ Rf7 51. Qxb5 c3 52. Qg5+ Kf8 53. Kd3 c2 54. Kxc2 Ke8 55. Qe5+ Re7 56. Qb8+ Kf7 57. a4 Ke6 58. Kd3 Rd7+ 59. Ke4 Ke7 60. a5 Ke6 61. a6 Ke7 62. Ke5 Kf7 63. Qb7 Re7+ 64. Kd6 1-0


[Site "https://www.chess.com"]

[Event "Titled Tuesday Blitz December 20 Early 2022"]
[White "viditchess"]
[Black "Tologon tegin, Semetei"]
[BlackFideId "13800574"]
[WhiteElo "2986"]
[BlackElo "2372"]
[Result "1-0"]
[Round "11"]
[TimeControl "180+2"]
[Date "2022.12.20"]
[WhiteClock "0:00:11"]
[BlackClock "0:00:07"]

1. d4 Nf6 2. c4 e6 3. Nf3 b6 4. g3 Bb7 5. Bg2 g6 6. O-O Bg7 7. Qc2 d6 8. Nc3 Nbd7 9. e4 e5 10. d5 O-O 11. h3 a5 12. Be3 Nc5 13. b3 Nh5 14. a3 f5 15. b4 axb4 16. axb4 Nxe4 17. Nxe4 fxe4 18. Rxa8 Qxa8 19. Ng5 Bc8 20. Bxe4 Qa3 21. Kg2 Bh6 22. Bxg6 Bxg5 23. Bxh7+ Kh8 24. Bxg5 Nxg3 25. fxg3 Bxh3+ 26. Kxh3 Rxf1 27. Qg6 Qa8 28. Bh4 Qc8+ 29. Qe6 Qf8 30. Be4 Re1 31. Bf6+ Qxf6 32. Qxf6+ Kg8 33. Qg6+ Kf8 34. Qf6+ Kg8 35. Bf5 Rh1+ 36. Kg4 1-0